General information
- name: BNet
- type: Ladder team game (AT/RT)
- host: Battle.net
- saver: morrowindsux
map: MarketSquare
- players: 8
- length: 45:10
- speed: Fast
- version: 1.26 W3XP
- replay type: Public
» download(220 KB)
Players
team 1 (winner)
FM1 (
orange | 45 APM | 2032 actions | 45:09)
4 Archmage
2 Summon Water Elemental
1 Brilliance Aura
1 Blizzard
4 Mountain King
2 Storm Bolt
2 Bash
» actions
| Assign group hotkey | 64 | |
| Basic commands | 114 | |
| Build / train | 98 | |
| ESC pressed | 1 | |
| Enter build submenu | 33 | |
| Enter hero's abilities submenu | 9 | |
| Remove unit from queue | 4 | |
| Right click | 923 | |
| Select / deselect | 377 | |
| Select group hotkey | 286 | |
| Use ability | 123 | |
2032 total
» units
| Peasant | 17 | |
| Footman | 6 | |
| Sorceress | 2 | |
| Priest | 3 | |
| Dragonhawk Rider | 13 | |
| Forest Troll High Priest | 1 | |
| Kobold Geomancer | 1 | |
| Assassin | 1 | |
| Rogue | 1 | |
| Knight | 3 | |
| Spell Breaker | 4 | |
52 total
» upgrades
| Defend | 1 | |
| Cloud | 1 | |
| Swords | 1 | |
| Plating | 1 | |
4 total
» buildings
| Altar of Kings | 1 | |
| Farm | 13 | |
| Barracks | 1 | |
| Scout Tower | 4 | |
| Arcane Tower | 6 | |
| Keep | 2 | |
| Lumber Mill | 1 | |
| Arcane Vault | 1 | |
| Town Hall | 1 | |
| Arcane Sanctum | 1 | |
| Guard Tower | 2 | |
| Gryphon Aviary | 2 | |
| Castle | 2 | |
| Blacksmith | 1 | |
38 total
» build order
00:14 Altar of Kings
00:16 Farm
00:24 Barracks
00:39 Farm
01:40 Scout Tower
02:03 Farm
02:06 Farm
02:07 Arcane Tower
02:08 Arcane Tower
02:08 Arcane Tower
03:38 Scout Tower
04:38 Keep
04:41 Lumber Mill
05:32 Arcane Vault
06:00 Town Hall
06:01 Arcane Tower
06:01 Arcane Tower
06:13 Farm
06:14 Farm
06:24 Scout Tower
06:31 Scout Tower
06:38 Farm
07:54 Arcane Sanctum
08:20 Farm
08:21 Farm
08:46 Guard Tower
08:47 Guard Tower
09:00 Gryphon Aviary
09:02 Gryphon Aviary
09:46 Farm
10:13 Castle
10:13 Castle
10:45 Farm
10:54 Blacksmith
13:44 Farm
13:45 Farm
» items
| Lesser Clarity Potion | 1 | |
| Scroll of Regeneration | 7 | |
| Potion of Healing | 1 | |
| Scroll of Town Portal | 1 | |
10 total
Ragebot (
purple | 69 APM | 3127 actions | 45:09)
10 Blademaster
3 Wind Walk
3 Critical Strike
1 Bladestorm
3 Mirror Image
1 Shadow Hunter
1 Hex
» actions
| Assign group hotkey | 22 | |
| Basic commands | 189 | |
| Build / train | 72 | |
| ESC pressed | 28 | |
| Enter build submenu | 67 | |
| Enter hero's abilities submenu | 11 | |
| Give item / drop item | 11 | |
| Right click | 1359 | |
| Select / deselect | 488 | |
| Select group hotkey | 571 | |
| Use ability | 309 | |
3127 total
» units
| Peon | 17 | |
| Grunt | 4 | |
| Troll Batrider | 11 | |
32 total
» upgrades
» buildings
| Altar of Storms | 11 | |
| Orc Burrow | 9 | |
| Barracks | 1 | |
| Voodoo Lounge | 1 | |
| Stronghold | 1 | |
| Fortress | 1 | |
| Great Hall | 8 | |
| Beastiary | 2 | |
| War Mill | 1 | |
| Watch Tower | 28 | |
| Tree of Life | 1 | |
| Moon Well | 1 | |
65 total
» build order
00:08 Altar of Storms
00:12 Orc Burrow
00:48 Barracks
01:28 Orc Burrow
01:40 Voodoo Lounge
03:26 Stronghold
05:52 Orc Burrow
06:55 Fortress
07:00 Great Hall
08:49 Beastiary
08:50 Beastiary
09:45 Great Hall
15:29 Great Hall
15:31 Orc Burrow
16:52 Great Hall
16:56 War Mill
17:06 Orc Burrow
18:07 Orc Burrow
21:28 Watch Tower
21:32 Watch Tower
21:34 Watch Tower
22:17 Watch Tower
22:18 Watch Tower
22:20 Watch Tower
22:20 Watch Tower
22:24 Watch Tower
23:18 Watch Tower
23:18 Watch Tower
23:19 Watch Tower
23:20 Watch Tower
23:20 Watch Tower
23:48 Watch Tower
24:03 Watch Tower
25:53 Watch Tower
25:55 Watch Tower
26:18 Watch Tower
26:21 Watch Tower
26:24 Watch Tower
26:27 Watch Tower
27:11 Watch Tower
28:58 Watch Tower
28:59 Watch Tower
29:00 Watch Tower
29:01 Watch Tower
29:05 Watch Tower
29:10 Orc Burrow
29:21 Watch Tower
29:41 Tree of Life
35:57 Moon Well
40:09 Great Hall
40:12 Great Hall
40:13 Great Hall
40:19 Great Hall
40:23 Altar of Storms
40:25 Altar of Storms
40:28 Altar of Storms
40:31 Altar of Storms
40:35 Altar of Storms
40:39 Altar of Storms
40:41 Altar of Storms
40:48 Altar of Storms
40:50 Altar of Storms
43:00 Altar of Storms
43:12 Orc Burrow
43:16 Orc Burrow
» items
| Healing Salve | 6 | |
| Lesser Clarity Potion | 3 | |
| Scroll of Speed | 1 | |
| Potion of Mana | 6 | |
| Orb of Lightning | 1 | |
| Staff of Teleportation | 1 | |
| Potion of Healing | 3 | |
| Scroll of Town Portal | 1 | |
| Potion of Lesser Invulnerability | 2 | |
24 total

»
morrowindsux (
green | 70 APM | 3160 actions | 45:10)
8 Dark Ranger
3 Black Arrow
3 Silence
1 Charm
1 Life Drain
1 Death Knight
1 Unholy Aura
1 Pandaren Brewmaster
1 Breath of Fire
» actions
| Assign group hotkey | 44 | |
| Basic commands | 298 | |
| Build / train | 105 | |
| Enter build submenu | 25 | |
| Enter hero's abilities submenu | 11 | |
| Give item / drop item | 4 | |
| Remove unit from queue | 4 | |
| Right click | 1203 | |
| Select / deselect | 331 | |
| Select group hotkey | 978 | |
| Use ability | 154 | |
3160 total
» units
| Acolyte | 18 | |
| Ghoul | 6 | |
| Crypt Fiend | 4 | |
| Frost Wyrm | 11 | |
| Gargoyle | 5 | |
44 total
» upgrades
| Web | 1 | |
| Creature Attack | 3 | |
| Creature Carapace | 2 | |
| Freezing Breath | 1 | |
7 total
» buildings
| Graveyard | 2 | |
| Crypt | 3 | |
| Altar of Darkness | 1 | |
| Ziggurat | 22 | |
| Tomb of Relics | 1 | |
| Nerubian Tower | 1 | |
| Halls of the Dead | 2 | |
| Necropolis | 4 | |
| Black Citadel | 1 | |
| Spirit Tower | 7 | |
| Sacrificial Pit | 1 | |
| Boneyard | 3 | |
48 total
» build order
00:07 Graveyard
00:10 Crypt
00:42 Altar of Darkness
01:00 Ziggurat
01:32 Tomb of Relics
02:03 Ziggurat
02:11 Nerubian Tower
03:15 Ziggurat
04:00 Halls of the Dead
05:06 Necropolis
08:18 Ziggurat
08:19 Ziggurat
08:19 Ziggurat
08:52 Black Citadel
08:59 Ziggurat
09:00 Ziggurat
09:02 Ziggurat
09:27 Spirit Tower
10:05 Necropolis
10:06 Ziggurat
10:07 Ziggurat
10:07 Ziggurat
10:07 Ziggurat
10:10 Spirit Tower
10:51 Necropolis
11:00 Spirit Tower
11:15 Spirit Tower
11:17 Ziggurat
11:17 Ziggurat
11:17 Ziggurat
11:25 Sacrificial Pit
11:53 Ziggurat
11:54 Ziggurat
11:54 Ziggurat
11:54 Ziggurat
12:01 Graveyard
12:21 Spirit Tower
12:26 Boneyard
12:27 Boneyard
12:59 Boneyard
13:01 Spirit Tower
13:33 Ziggurat
13:34 Ziggurat
14:43 Crypt
14:44 Crypt
14:46 Spirit Tower
18:20 Necropolis
» items
| Rod of Necromancy | 2 | |
| Staff of Teleportation | 3 | |
| Potion of Invisibility | 1 | |
| Potion of Lesser Invulnerability | 3 | |
| Orb of Corruption | 1 | |
| Scroll of Town Portal | 8 | |
| Potion of Healing | 5 | |
| Orb of Lightning | 1 | |
24 total
JamesPlato (
teal | 12 APM | 357 actions | 29:33)
7 Priestess of the Moon
3 Trueshot Aura
3 Scout
1 Starfall
» actions
| Build / train | 63 | |
| Enter build submenu | 24 | |
| Enter hero's abilities submenu | 6 | |
| Remove unit from queue | 11 | |
| Right click | 94 | |
| Select / deselect | 130 | |
| Use ability | 29 | |
357 total
» units
| Wisp | 16 | |
| Archer | 9 | |
| Chimaera | -1 | |
| Hippogryph | 11 | |
35 total
» upgrades
| Strength of the Wild | 3 | |
| Reinforced Hides | 3 | |
| Corrosive Breath | 1 | |
7 total
» buildings
| Moon Well | 10 | |
| Altar of Elders | 1 | |
| Ancient of War | 1 | |
| Tree of Ages | 1 | |
| Tree of Eternity | 1 | |
| Ancient of Wind | 2 | |
| Tree of Life | 7 | |
| Chimaera Roost | 2 | |
| Hunter's Hall | 1 | |
26 total
» build order
00:29 Moon Well
00:52 Altar of Elders
01:48 Ancient of War
02:05 Moon Well
02:43 Tree of Ages
03:10 Moon Well
05:06 Tree of Eternity
05:57 Ancient of Wind
07:17 Tree of Life
07:29 Moon Well
08:04 Tree of Life
08:50 Chimaera Roost
08:54 Chimaera Roost
09:42 Hunter's Hall
10:16 Tree of Life
10:21 Tree of Life
11:00 Moon Well
11:05 Moon Well
12:06 Moon Well
13:10 Tree of Life
13:17 Tree of Life
13:30 Moon Well
13:37 Moon Well
15:16 Ancient of Wind
23:23 Tree of Life
23:39 Moon Well
team 2 (loser)

»
jib69 (
yellow | 36 APM | 680 actions | 18:39)
5 Far Seer
3 Feral Spirit
2 Chain Lighting
» actions
| Basic commands | 82 | |
| Build / train | 55 | |
| Enter build submenu | 18 | |
| Enter hero's abilities submenu | 5 | |
| Remove unit from queue | 2 | |
| Right click | 225 | |
| Select / deselect | 244 | |
| Use ability | 49 | |
680 total
» units
| Peon | 12 | |
| Grunt | 10 | |
| Tauren | 5 | |
| Shaman | 4 | |
31 total
» upgrades
| Melee Weapons | 3 | |
| Armor | 3 | |
| Spiked Barricades | 0 | |
| Berserker Strength | 1 | |
| Shaman Training | 2 | |
| Pulverize | 1 | |
10 total
» buildings
| Altar of Storms | 1 | |
| Orc Burrow | 6 | |
| Barracks | 1 | |
| Voodoo Lounge | 1 | |
| War Mill | 1 | |
| Stronghold | 1 | |
| Watch Tower | 2 | |
| Fortress | 1 | |
| Spirit Lodge | 1 | |
| Tauren Totem | 2 | |
17 total
» build order
00:04 Altar of Storms
00:06 Orc Burrow
01:13 Orc Burrow
01:32 Barracks
02:18 Voodoo Lounge
02:50 War Mill
03:55 Orc Burrow
04:47 Stronghold
05:23 Watch Tower
06:23 Watch Tower
07:48 Fortress
09:04 Spirit Lodge
09:25 Orc Burrow
10:17 Tauren Totem
10:47 Tauren Totem
12:24 Orc Burrow
12:50 Orc Burrow
» items
| Healing Salve | 1 | |
| Lesser Clarity Potion | 1 | |
| Scroll of Town Portal | 2 | |
4 total

»
R3DBULL (
red | 24 APM | 438 actions | 18:29)
4 Death Knight
2 Death Coil
2 Unholy Aura
» actions
| Build / train | 52 | |
| Enter build submenu | 17 | |
| Enter hero's abilities submenu | 4 | |
| Right click | 206 | |
| Select / deselect | 132 | |
| Use ability | 27 | |
438 total
» units
| Acolyte | 3 | |
| Ghoul | 11 | |
| Crypt Fiend | 5 | |
| Frost Wyrm | 12 | |
31 total
» upgrades
| Creature Attack | 2 | |
| Creature Carapace | 2 | |
| Web | 1 | |
| Freezing Breath | 1 | |
6 total
» buildings
| Crypt | 1 | |
| Ziggurat | 7 | |
| Graveyard | 1 | |
| Altar of Darkness | 1 | |
| Tomb of Relics | 1 | |
| Halls of the Dead | 2 | |
| Black Citadel | 1 | |
| Sacrificial Pit | 1 | |
| Spirit Tower | 2 | |
| Boneyard | 2 | |
19 total
» build order
00:13 Crypt
00:17 Ziggurat
01:07 Graveyard
01:14 Ziggurat
02:21 Altar of Darkness
02:26 Tomb of Relics
03:03 Ziggurat
03:34 Halls of the Dead
03:34 Halls of the Dead
07:06 Ziggurat
07:07 Black Citadel
07:46 Ziggurat
09:04 Ziggurat
09:20 Sacrificial Pit
09:27 Ziggurat
09:33 Spirit Tower
10:12 Boneyard
10:34 Boneyard
12:47 Spirit Tower
» items
| Potion of Healing | 2 | |
| Orb of Corruption | 1 | |
| Potion of Mana | 1 | |
| Healing Salve | 1 | |
5 total
Canadaisnotcold (
blue | 74 APM | 1352 actions | 18:21)
5 Blademaster
3 Wind Walk
2 Critical Strike
» actions
| Assign group hotkey | 32 | |
| Basic commands | 13 | |
| Build / train | 56 | |
| Enter build submenu | 31 | |
| Enter hero's abilities submenu | 5 | |
| Give item / drop item | 1 | |
| Right click | 593 | |
| Select / deselect | 210 | |
| Select group hotkey | 349 | |
| Use ability | 62 | |
1352 total
» units
| Peon | 13 | |
| Grunt | 5 | |
| Wind Rider | 2 | |
| Troll Batrider | 3 | |
| Troll Headhunter/Berserker | 1 | |
24 total
» upgrades
| Spiked Barricades | 1 | |
| Armor | 3 | |
| Ranged Weapons | 2 | |
| Pillage | 1 | |
| Berserker Strength | 1 | |
| Troll Regeneration | 1 | |
| Envenomed Spears | 1 | |
| Reinforced Defenses | 1 | |
| Berserker Upgrade | 1 | |
| Liquid Fire | 1 | |
13 total
» buildings
| Altar of Storms | 1 | |
| Orc Burrow | 6 | |
| Barracks | 1 | |
| Voodoo Lounge | 1 | |
| War Mill | 1 | |
| Watch Tower | 13 | |
| Great Hall | 2 | |
| Stronghold | 1 | |
| Beastiary | 3 | |
| Fortress | 1 | |
30 total
» build order
00:04 Altar of Storms
00:10 Orc Burrow
01:03 Barracks
01:29 Orc Burrow
01:42 Voodoo Lounge
02:52 Orc Burrow
04:15 War Mill
05:46 Watch Tower
06:16 Great Hall
06:20 Watch Tower
06:23 Watch Tower
06:26 Great Hall
06:37 Stronghold
06:45 Watch Tower
07:36 Watch Tower
07:38 Watch Tower
09:18 Beastiary
09:26 Beastiary
09:41 Watch Tower
09:47 Watch Tower
09:52 Watch Tower
10:15 Watch Tower
10:18 Watch Tower
10:22 Watch Tower
11:29 Fortress
11:58 Orc Burrow
15:33 Orc Burrow
15:37 Orc Burrow
17:03 Watch Tower
17:18 Beastiary
» items
| Healing Salve | 4 | |
| Lesser Clarity Potion | 1 | |
| Staff of Teleportation | 1 | |
| Scroll of Speed | 2 | |
| Orb of Lightning | 1 | |
| Scroll of Town Portal | 1 | |
10 total
JaCion (
pink | 33 APM | 1510 actions | 45:10)
2 Far Seer
1 Chain Lighting
1 Feral Spirit
4 Blademaster
2 Mirror Image
1 Bladestorm
1 Wind Walk
» actions
| Basic commands | 3 | |
| Build / train | 98 | |
| Enter build submenu | 25 | |
| Enter hero's abilities submenu | 6 | |
| Remove unit from queue | 3 | |
| Right click | 922 | |
| Select / deselect | 410 | |
| Use ability | 43 | |
1510 total
» units
| Peon | 9 | |
| Grunt | 1 | |
| Troll Headhunter/Berserker | 17 | |
| Wind Rider | 18 | |
| Troll Batrider | 12 | |
| Shaman | 1 | |
| Frost Wyrm | 16 | |
| Tauren | 6 | |
80 total
» upgrades
| Ranged Weapons | 1 | |
| Armor | 1 | |
| Melee Weapons | 1 | |
| Berserker Upgrade | 1 | |
4 total
» buildings
| Orc Burrow | 7 | |
| Altar of Storms | 1 | |
| Barracks | 1 | |
| War Mill | 1 | |
| Voodoo Lounge | 1 | |
| Stronghold | 1 | |
| Watch Tower | 4 | |
| Beastiary | 2 | |
| Great Hall | 1 | |
19 total
» build order
00:09 Orc Burrow
00:14 Altar of Storms
00:48 Barracks
01:47 War Mill
02:11 Orc Burrow
03:09 Voodoo Lounge
03:12 Orc Burrow
04:06 Stronghold
04:12 Orc Burrow
05:34 Watch Tower
05:58 Watch Tower
06:48 Beastiary
07:53 Watch Tower
08:23 Orc Burrow
09:44 Beastiary
10:15 Watch Tower
13:25 Orc Burrow
15:38 Orc Burrow
16:30 Great Hall
» items
Chat log
(00:55 / All) morrowindsux: hola mates
(01:05 / Allies) JamesPlato: units?
(01:08 / Allies) FM1: foot start
(01:23 / Allies) Ragebot: bats
(01:36 / Allies) Ragebot: i got aa covered
(06:37 / Allies) morrowindsux: wood
(07:08 / Allies) Ragebot: come teal
(07:13 / Allies) Ragebot: i will salve yuopu
(09:05 / All) Ragebot: wow teal
(09:30 / Allies) morrowindsux: wood
(09:31 / Allies) morrowindsux: wood
(11:30 / All) FM1: just got raped bro
(11:42 / All) JaCion: ill rape ya soon
(11:45 / All) Ragebot: lol sorry man
(12:59 / All) JaCion: got raped?
(13:03 / Allies) Ragebot: ill buy all claws of attack etc
(13:07 / Allies) Ragebot: please
(13:12 / All) JaCion: gold
(13:14 / All) JaCion: pls
(13:17 / Allies) Ragebot: i have dagger of escape to trade
(13:49 / All) Ragebot: is pink talking trash? lol
(13:55 / Allies) FM1: GG
(14:12 / All) Ragebot: LOL
(15:20 / Allies) morrowindsux: we got this
(15:37 / Allies) FM1: dudes
(15:39 / Allies) FM1: wtf are you doing
(15:53 / Allies) FM1: am i playing by myself
(16:05 / All) JaCion: waait
(16:14 / Allies) Ragebot: will tp
(16:16 / All) JaCion: my base yellow
(16:18 / Allies) morrowindsux: tp
(17:29 / Allies) morrowindsux: go teal
(17:33 / All) FM1: WHERE THE FUCK YOU WENT
(18:20 / All) jib69: my team is retarded
(18:27 / All) morrowindsux: wait yellow
(18:28 / All) Ragebot: LOL SAYS YELLOW
(21:10 / Allies) JamesPlato: green?
(22:02 / Allies) JamesPlato: ?green
(23:06 / All) morrowindsux: pink u won
(24:48 / All) morrowindsux: pink
(24:50 / All) morrowindsux: after i kill my team
(24:53 / All) morrowindsux: im unsummoning
(25:07 / All) Ragebot: thats if you can kill us noob
(25:13 / All) JaCion: .
(25:32 / All) Ragebot: rofl
(25:37 / All) Ragebot: couldnt take down three towers and 4 burrows
(25:45 / Allies) JamesPlato: oj u stil there?
(25:58 / Allies) Ragebot: lumber me please
(26:13 / Allies) Ragebot: lumber me now
(27:33 / All) JaCion: green why you killng your team?
(27:39 / All) morrowindsux: they threatened to hack me
(27:50 / All) morrowindsux: purple is husing maphack
(27:51 / All) JaCion: so not killing me?
(28:02 / All) morrowindsux: u are right
(28:12 / All) JaCion: r u admin?
(28:22 / All) morrowindsux: no but they are hacking
(28:24 / All) morrowindsux: purple is
(28:32 / All) JaCion: oh
(28:41 / All) morrowindsux: finish off purple he has nothing
(28:42 / All) JaCion: you guys a clan?
(29:05 / All) morrowindsux: no we arent
(29:10 / All) JaCion: ohh
(29:11 / All) JaCion: kk
(29:42 / All) morrowindsux: kill towers
(32:01 / 7) JaCion: hey imma leave for one sec but im not quitting
(32:05 / All) morrowindsux: k
(32:11 / All) morrowindsux: when u get back they will be deadl
(32:17 / 7) JaCion: dont kill my base
(32:18 / 7) JaCion: ty
(32:23 / 7) JaCion: brb
(34:23 / All) morrowindsux: once i get my 3rd hero purple ur hero has no chance
(35:08 / 7) JaCion: k im bak
(35:18 / All) morrowindsux: finishing orange up
(35:19 / All) morrowindsux: he went afk
(35:22 / All) morrowindsux: he has no army
(35:27 / 7) JaCion: k
(35:51 / All) morrowindsux: finish top right if u can
(36:02 / 7) JaCion: purp
(36:09 / All) morrowindsux: yes he only has one hero
(36:12 / All) morrowindsux: which will die shortly
(36:16 / 7) JaCion: ok
(36:19 / All) morrowindsux: purple is the maphacker
(36:25 / 7) JaCion: lol
(37:39 / All) morrowindsux: unsummoning my base now
(38:26 / 7) JaCion: where r u?
(38:35 / All) morrowindsux: my army? bot
(38:39 / All) morrowindsux: im finishing up orange and teal
(38:49 / 7) JaCion: i dont see u
(38:58 / All) morrowindsux: at orange's now
(39:03 / 7) JaCion: ok
(40:25 / All) morrowindsux: dont worry
(40:28 / All) morrowindsux: purple has nothing but a hero
(40:29 / All) morrowindsux: now
(40:30 / All) morrowindsux: he is no threat
(41:09 / All) morrowindsux: im unsummoning now
(41:19 / All) Ragebot: LOL
(41:43 / All) Ragebot: he's acting like this one win will make you get a million dollars ahhahaah
(41:50 / All) Ragebot: i had my fun i am just gonna make a new acct
(42:07 / All) morrowindsux: ur a maphacker purple
(42:08 / All) morrowindsux: leave
(42:14 / All) Ragebot: sure i am
(43:10 / 7) JaCion: so who gonna win later?
(43:15 / 7) JaCion: you?me?
(43:18 / All) morrowindsux: u are
(43:20 / All) morrowindsux: one building left
(43:31 / All) morrowindsux: purple is a maphacker
(43:32 / 7) JaCion: your building
(43:35 / All) morrowindsux: he doesnt desreve a win
(43:47 / All) Ragebot: LOL
(43:51 / All) Ragebot: you stil lhavent killed my hero
(43:53 / All) Ragebot: noob
(43:59 / All) morrowindsux: top right
(44:26 / All) morrowindsux: u got lucky and got a mask of death purple
(44:28 / All) morrowindsux: if i wanted ur hero dead
(44:30 / All) morrowindsux: he would be
(44:33 / All) Ragebot: yeah yeah ok
(44:37 / All) Ragebot: noob lol
(44:42 / All) Ragebot: "his hero will be dead shortly
(44:44 / All) Ragebot: LOLOLOL
(44:51 / All) morrowindsux: u have lost purple
(44:53 / All) morrowindsux: tim eto leave
(44:56 / All) Ragebot: LOL
(45:00 / All) Ragebot: "his hero will be dead"
(45:02 / All) Ragebot: LOLOLOL
(45:07 / All) morrowindsux: pink earned this win
(45:08 / All) Ragebot: i win